 Dungeon Crawl Stone Soup version 0.14-a0-1097-gc7db7fc (webtiles) character file.

342 MackTheKnife the Twirler (level 6, -1/50 HPs)
             Began as a Draconian Gladiator on Nov 28, 2013.
             Was a Follower of Makhleb.
             Slain by an orc wizard
             ... wielding a +0,+1 orcish dagger
              (4 damage)
             ... on Level 4 of the Dungeon.
             The game lasted 00:05:28 (3709 turns).

MackTheKnife the Twirler (Draconian Gladiator)      Turns: 3709, Time: 00:05:28

HP  -1/50        AC  6     Str 18      XL: 6   Next:  3%
MP   5/5         EV 13     Int  8      God: Makhleb [*.....]
Gold 68          SH  0     Dex 13      Spells:  0 memorised,  5 levels left

rFire  . . .     SeeInvis .     a - +0,+1 quarterstaff
rCold  . . .     Clarity  .     (armour unavailable)
rNeg   . . .     Conserve .     (no shield)
rPois  .         rCorr    .     c - +0 cap
rElec  .         rRot     .     (no cloak)
SustAb . .       Spirit   .     (no gloves)
rMut   .         Warding  .     (no boots)
Saprov . . .     Stasis   .     (no amulet)
                                (no ring)
                                (no ring)

@: hasted, very quick, slightly resistant to hostile enchantments, unstealthy
A: unfitting armour, AC +6
a: Renounce Religion


You were on level 4 of the Dungeon.
You worshipped Makhleb.
Makhleb was aware of your devotion.
You were not hungry.

You visited 1 branch of the dungeon, and saw 4 of its levels.

You collected 68 gold pieces.


   Skills:
 - Level 2.1 Fighting
 + Level 6.8 Staves
 - Level 1.7 Throwing
 - Level 2.6 Dodging


You had 5 spell levels left.
You didn't know any spells.

Inventory:

Hand weapons
 a - a +0,+1 quarterstaff (weapon)
Missiles
 d - 3 throwing nets (quivered)
Armour
 c - a +0 cap (worn)
Comestibles
 b - a pear
 f - a bread ration
 h - 4 chunks of ogre flesh {@*1}
 k - a meat ration
Scrolls
 g - a scroll of identify
 i - a scroll of magic mapping
 l - a scroll of curse jewellery {unknown}
 m - a scroll of remove curse
Potions
 j - a potion of flight {unknown}
 o - a potion of restore abilities {unknown}
 p - a potion of speed

▒·······▒ ▒··
▒▒▒▒·······▒ ▒···▒
···········▒ ▒···▒
······<····▒ ▒···▒
···········▒ ▒···▒▒
▒▒▒▒▒▒·····▒ ▒····
·····▒·····▒ ▒··▒
·····▒)····▒▒▒▒▒▒o·▒
'▒▒▒▒▒%········#do·▒
·····<)········oo·)▒▒▒
··················#····
▒▒▒▒▒▒▒▒▒▒▒▒▒▒▒▒▒▒▒▒▒▒▒


You could see an orc priest, an orc wizard and 2 orcs.


Message History

Unknown command.
Drink which item? (? for menu, Esc to quit)
Okay, then.
You closely miss the orc wizard.
The orc wizard is almost dead.
The orc wizard barely misses you.
The orc priest hits you with an orcish mace.
* * * LOW HITPOINT WARNING * * *
The orc wizard barely misses you.
Unknown command.
You hit the orc wizard but do no damage.
The orc wizard is almost dead.
The orc closely misses you. The orc barely misses you.
The orc wizard misses you.
The orc priest hits you but does no damage.
Unknown command.
You hit the orc priest.
You tail-slap the orc priest, but do no damage.
The orc priest is severely wounded.
The orc wizard mumbles some strange words.
The orc wizard blinks!
The orc hits you but does no damage. The orc closely misses you.
The orc wizard mumbles some strange words.
The orc wizard blinks!
Drink which item? (? for menu, Esc to quit)
You feel yourself speed up.
It was a potion of speed.
The orc priest calls upon Beogh to heal the orc wizard.
The orc wizard is healed somewhat.
The orc closely misses you.
The orc wizard hits you with an orcish dagger.
You die...

Action                   |  1- 3 |  4- 6 || total
-------------------------+-------+-------++-------
Melee: Quarterstaff      |   133 |   103 ||   236
  Use: Scroll            |     4 |     2 ||     6
       Potion            |       |     2 ||     2

Vault maps used:
D:1:      elethiomel_entry_maze, grunt_decor_arrowhead
D:2:      lemuel_crystal_altar, first_bread, st_stairs_1
D:4:      serial_shops, shop_scrolls

Notes
Turn   | Place    | Note
--------------------------------------------------------------
     0 | D:1      | MackTheKnife, the Draconian Gladiator, began the quest for the Orb.
     0 | D:1      | Reached XP level 1. HP: 18/18 MP: 0/0
   306 | D:1      | Reached XP level 2. HP: 18/25 MP: 1/1
  1193 | D:2      | Reached skill level 4 in Staves
  1312 | D:2      | Found a burning altar of Makhleb.
  1390 | D:2      | Became a worshipper of Makhleb the Destroyer
  1412 | D:2      | Reached XP level 3. HP: 30/30 MP: 2/2
  2314 | D:3      | Reached skill level 5 in Staves
  2314 | D:3      | Reached XP level 4. HP: 12/38 MP: 3/3
  2326 | D:3      | Acquired Makhleb's first power
  2715 | D:3      | Noticed M4edhros' ghost (weakling OpAr)
  2853 | D:3      | Killed M4edhros' ghost
  2853 | D:3      | Reached XP level 5. HP: 31/44 MP: 4/4
  3074 | D:3      | Reached skill level 6 in Staves
  3393 | D:4      | Noticed an ogre
  3666 | D:4      | Killed an ogre
  3666 | D:4      | Reached XP level 6. HP: 50/50 MP: 5/5
  3706 | D:4      | HP: 3/50 [orc priest/orcish mace (4)]
  3709 | D:4      | Slain by an orc wizard

Vanquished Creatures
  An ogre (D:4)
  The ghost of M4edhros the Charlatan, a weakling OpAr (D:3)
  An orc priest (D:3)
  A worker ant (D:4)
  2 adders
  5 giant geckos
  7 orcs
  3 ball pythons
  4 giant cockroaches
  14 hobgoblins
  2 jackals
  8 kobolds
  2 quokkas
  7 bats
  3 giant newts
  7 goblins
  5 rats
73 creatures vanquished.
